 Dungeon Crawl Stone Soup version 0.27.1-34-g3ba077fa99 (webtiles) character file.

Game seed: 9082624226818444500

94 Akaron the Skirmisher (level 4, 0/49 HPs)
             Began as an Ogre Berserker on Jan 22, 2022.
             Was a Believer of Trog.
             Splashed by a jelly's acid (9 damage)
             ... on level 3 of the Dungeon.
             The game lasted 00:04:32 (2676 turns).

Akaron the Skirmisher (Ogre Berserker)              Turns: 2676, Time: 00:04:36

Health: 0/49       AC: -5    Str: 22    XL:     4   Next: 63%
Magic:  4/4        EV: 10    Int:  8    God:    Trog [**....]
Gold:   101        SH:  0    Dex:  8    Spells: 3/3 levels left

rFire    . . .     SeeInvis .   j - +0 war axe
rCold    . . .     Faith    .   (no shield)
rNeg     . . .     Spirit   .   b - +0 animal skin
rPois    .         Reflect  .   (helmet restricted)
rElec    .         Harm     .   (no cloak)
rCorr    .         Rampage  .   (gloves unavailable)
Will     .....                  (boots unavailable)
Stlth    +.........             (no amulet)
HPRegen  0.16/turn              (no ring)
MPRegen  0.09/turn              (no ring)

@: corroded
A: large, unfitting armour, tough skin 1
a: Renounce Religion, Berserk, Trog's Hand


You were on level 3 of the Dungeon.
You worshipped Trog.
Trog was pleased with you.
You visited 1 branch of the dungeon, and saw 3 of its levels.

You collected 101 gold pieces.

Inventory:

Hand Weapons
 j - a +0 war axe (weapon)
Armour
 b - a +0 animal skin (worn)
Scrolls
 d - a scroll of identify
 f - 2 scrolls of teleportation {unknown}
 h - a scroll of acquirement {unknown}
 i - a scroll of vulnerability {unknown}
Potions
 a - a potion of ambrosia {unknown}
 c - a potion of attraction {unknown}
 e - a potion of berserk rage {unknown}
 g - a potion of cancellation {unknown}
 k - a potion of heal wounds {unknown}


   Skills:
 + Level 4.9 Fighting
 + Level 4.2 Axes
 + Level 3.3 Dodging


You had 3 spell levels left.
You didn't know any spells.
Your spell library was empty.

Dungeon Overview and Level Annotations

Branches:
Dungeon (3/15)

Altars:

Shops:
D:2 [


Innate Abilities, Weirdness & Mutations

You are too large for most types of armour.
You have tough skin. (AC +1)


Message History

You slash the worm!
The worm is severely wounded.
The worm closely misses you.
You hit the worm.
The worm is almost dead.
The worm bites you!
You barely miss the worm.
The worm is severely wounded.
The worm bites you.
You hit the worm but do no damage.
The worm is severely wounded.
The worm bites you but does no damage.
You hit the worm.
The worm is severely wounded.
You hit the worm.
The worm is almost dead.
The worm closely misses you.
You hit the worm.
You kill the worm!
Trog accepts your kill.
No target in view!
HP restored.
Found a faded altar of an unknown god.
Found a ring mail.
A jelly comes into view.
A jelly is nearby!
The jelly quivers.
Found 18 gold pieces.
The jelly hits you. The acid corrodes you!
You are splashed with acid!
You slash the jelly!
Your hands burn!
The jelly is severely wounded.
The jelly hits you. The acid corrodes you!
You are splashed with acid!
You hit the jelly.
Your hands burn!
The jelly is severely wounded.
The jelly hits you.
You are splashed with acid!
* * * LOW HITPOINT WARNING * * *
The jelly hits you.
* * * LOW HITPOINT WARNING * * *
You are splashed with acid!
You die...

######## #......#
#### #......# ...
#####.8.8..# #..
.....[._...#
####..##.#
#......#
#.....J..#
#......#
##..#@.###.####.#
............##
#.######
$....#####.##
#.##.... #.## #.#
#.##.### #..
#......# #...
####.#.# #....
#.#.# ......
#.... ......#
###.#


You could see a jelly.

Vanquished Creatures
  Terence (D:2)
  2 adders (D:2)
  2 worms
  5 bats
  7 endoplasms
  3 giant cockroaches
  7 hobgoblins
  3 kobolds
  A quokka (D:1)
  A ball python (D:2)
  A frilled lizard (D:1)
  3 goblins
  7 rats
43 creatures vanquished.

Notes
Turn   | Place    | Note
-------+----------+-------------------------------------------
     0 | D:1      | Akaron the Ogre Berserker began the quest for the Orb.
     0 | D:1      | Reached XP level 1. HP: 24/24 MP: 1/1
   410 | D:1      | Reached XP level 2. HP: 28/32 MP: 2/2
  1097 | D:2      | Reached XP level 3. HP: 40/40 MP: 3/3
  1583 | D:2      | Reached ** piety under Trog
  1678 | D:2      | Reached XP level 4. HP: 30/49 MP: 4/4
  1928 | D:2      | Noticed Terence
  1946 | D:2      | Killed Terence
  2148 | D:2      | Found Plog's Armour Shop.
  2661 | D:3      | Found a faded altar of an unknown god.
  2676 | D:3      | Splashed by a jelly's acid

Illustrated notes

Levels and vault maps discovered:
D:1:      wander_arrival_estate, layout_basic, kennysheep_decorative_pillar,
          minmay_pentomino_t2
D:2:      layout_basic, serial_shops, shop, minmay_quadrilaterals, uniq_terence
D:3:      layout_loops_cross, mainiacjoe_overflow_swirl,
          dreamdust_ecumenical_altar_statues, uniq_ijyb

Skill      XL: |  1  2  3  4 |
---------------+-------------+-----
Dodging        | 3 |  3.3
Axes           | 4 |  4.2
Fighting       | |  4.9

Action                   |  1- 3 |  4- 6 || total
-------------------------+-------+-------++-------
Melee: Hand axe          |   115 |    20 ||   135
       War axe           |       |    16 ||    16
Invok: Berserk           |     1 |     1 ||     2
       Trog's Hand       |       |     1 ||     1
  Use: Scroll            |       |     1 ||     1
Armor: Animal skin       |    60 |    10 ||    70
Dodge: Dodged            |    66 |    21 ||    87
